 Dungeon Crawl Stone Soup version 0.25.1-2-g60ff931df9 (webtiles) character file.

Game seed: 11932557316581407552

147 hawla the Slasher (level 5, -6/45 HPs)
             Began as a Minotaur Gladiator on Nov 3, 2020.
             Mangled by an orc warrior
             ... wielding a +0 long sword
              (13 damage)
             ... on level 2 of the Dungeon.
             The game lasted 00:05:30 (2559 turns).

hawla the Slasher (Minotaur Gladiator)              Turns: 2559, Time: 00:05:30

Health: -6/45      AC:  5    Str: 25    XL:     5   Next: 7%
Magic:  4/4        EV: 13    Int:  5    God:
Gold:   120        SH:  0    Dex: 12    Spells: 4/4 levels left

rFire    . . .     SeeInvis .   a - +0 long sword
rCold    . . .     Gourm    .   (no shield)
rNeg     . . .     Faith    .   b - +0 leather armour
rPois    .         Spirit   .   c - +0 hat
rElec    .         Reflect  .   (no cloak)
rCorr    .         Harm     .   (no gloves)
MR       .....                  e - +1 pair of boots
Stlth    +.........             i - amulet of inaccuracy (curse)
HPRegen  0.15/turn              j - +6 ring of strength
MPRegen  0.09/turn              (no ring)

@: mighty, brilliant, hasted, lightly drained, very quick
A: retaliatory headbutt, horns 2
a: no special abilities


You were on level 2 of the Dungeon.
You were not hungry.

You visited 1 branch of the dungeon, and saw 3 of its levels.

You collected 120 gold pieces.

Inventory:

Hand Weapons
 a - a +0 long sword (weapon)
Missiles
 d - 2 throwing nets (quivered)
 p - 3 boomerangs
Armour
 b - a +0 leather armour (worn)
 c - a +0 hat (worn)
 e - a +1 pair of boots (worn)
Jewellery
 i - a cursed amulet of inaccuracy (around neck)
 j - a +6 ring of strength (left hand)
Scrolls
 m - a scroll of identify
 n - a scroll of enchant weapon {unknown}
Potions
 h - 2 potions of might
Comestibles
 f - 2 rations


   Skills:
 + Level 3.1(2.9) Fighting
 + Level 4.8(4.6) Long Blades
 + Level 2.2(2.0) Throwing
 + Level 2.6(2.4) Armour
 * Level 4.3(4.1) Dodging
 + Level 0.2(0.0) Stealth


You had 4 spell levels left.
You didn't know any spells.
Your spell library was empty.

Dungeon Overview and Level Annotations

Branches:
Dungeon (3/15)

Altars:
Cheibriados
Zin


Innate Abilities, Weirdness & Mutations

You reflexively headbutt those who attack you in melee.
You have a pair of horns on your head.


Message History

The orc warrior is lightly wounded.
The orc warrior closely misses you.
It was a potion of haste.
You feel yourself speed up.
You feel very mighty all of a sudden. The orc warrior completely misses you.
You riposte.
You barely miss the orc warrior. Your headbutt misses the orc warrior.
The orc warrior is lightly wounded.
You closely miss the orc warrior.
The orc warrior is lightly wounded.
The orc warrior barely misses you.
You barely miss the orc warrior.
The orc warrior is lightly wounded.
You miss the orc warrior.
The orc warrior is lightly wounded.
The orc warrior hits you with a +0 long sword!
* * * LOW HITPOINT WARNING * * *
You completely miss the orc warrior. Your headbutt misses the orc warrior.
The orc warrior is lightly wounded.
The orc warrior hits you with a +0 long sword!
You die...

#....)......#
#...........##############
#....(............รท.......
#....(......#(############
#...........#.#
#####.....###.# #.##..# #.#
#(###o###.############ #.#
#@................
###.####################
##.....############### #.
#...##.#.............# #.
#...##.#.###########.# #.
#...##.#.# #.# #.
#...'.)#.# #.###.
#...####.# #.....
#...##.#.# ######


You could see an orc warrior.

Vanquished Creatures
  A wyvern zombie (D:3)
  An adder (D:2)
  3 worms (D:2)
  A dart slug (D:3)
  A leopard gecko (D:1)
  4 orcs (D:3)
  A ball python (D:1)
  2 giant cockroaches (D:2)
  5 goblins
  8 hobgoblins
  4 jackals (D:2)
  7 kobolds
  2 quokkas (D:2)
  9 bats
  3 frilled lizards (D:1)
  6 rats
58 creatures vanquished.

Notes
Turn   | Place    | Note
-------+----------+-------------------------------------------
     0 | D:1      | hawla the Minotaur Gladiator began the quest for the Orb.
     0 | D:1      | Reached XP level 1. HP: 18/18 MP: 0/0
   274 | D:1      | Reached XP level 2. HP: 25/25 MP: 1/1
   902 | D:1      | Reached XP level 3. HP: 30/30 MP: 2/2
  1213 | D:2      | Reached skill level 1 in Armour
  2016 | D:2      | Reached XP level 4. HP: 37/37 MP: 3/3
  2212 | D:3      | Found a glowing silver altar of Zin.
  2228 | D:3      | Reached XP level 5. HP: 27/45 MP: 4/4
  2497 | D:3      | Found a snail-covered altar of Cheibriados.
  2498 | D:3      | Noticed an orc warrior
  2559 | D:2      | Mangled by an orc warrior

Illustrated notes

Levels and vault maps discovered:
D:1:      scummos_arrival_star, layout_basic
D:2:      layout_basic
D:3:      layout_basic, kennysheep_slug_shrine, overflow_temple_1_default,
          gammafunk_temple_overflow_wave, old_standard_altar, chequers_jeans

Skill      XL: |  1  2  3  4 |
---------------+-------------+-----
Long Blades    | 4 |  4.8
Armour         | 1 2 |  2.6
Dodging        | 4 |  4.3
Fighting       | 3 |  3.1
Throwing       | |  2.2
Stealth        | |  0.2

Action                   |  1- 3 |  4- 6 || total
-------------------------+-------+-------++-------
Melee: Long sword        |    90 |    33 ||   123
       Headbutt          |    15 |     6 ||    21
Throw: Throwing net      |       |     1 ||     1
  Use: Scroll            |     2 |     4 ||     6
       Potion            |       |     4 ||     4
 Stab: Sleeping          |     1 |       ||     1
  Eat: Chunk             |     4 |     1 ||     5
Armor: Leather armour    |    20 |     7 ||    27
Dodge: Dodged            |    73 |    30 ||   103
       Rpst.: Long sword |    24 |    11 ||    35
